 Dungeon Crawl Stone Soup version 0.21.1-1-g345015f (webtiles) character file.

4601 kae the Martial Artist (level 10, -6/68 HPs)
             Began as an Octopode Transmuter on June 11, 2018.
             Was a Believer of Makhleb.
             Mangled by a troll (13 damage)
             ... on level 9 of the Dungeon.
             The game lasted 00:10:06 (11843 turns).

kae the Martial Artist (Octopode Transmuter)       Turns: 11843, Time: 00:10:06

Health: -6/68      AC:  2    Str:  9    XL:     10   Next: 42%
Magic:  22/27      EV: 26    Int: 16    God:    Makhleb [**....]
Gold:   284        SH:  0    Dex: 23    Spells: 14/20 levels left

rFire    . . .     SeeInvis +     - Unarmed
rCold    . . .     Gourm    .   (shield currently unavailable)
rNeg     . . .     Faith    .   (helmet currently unavailable)
rPois    x         Spirit   .   (no amulet)
rElec    .         Reflect  .   d - ring of see invisible
rCorr    .         Harm     .   h - +2 ring of dexterity (curse)
MR       +....                  m - ring of stealth
Stlth    +++.......             l - ring of magical power
HPRegen  0.21/turn              (no ring)
MPRegen  0.20/turn              (no ring)
                                (no ring)
                                (no ring)

@: spider-form
A: tiny, almost no armour, stealthy swim, (amphibious), 8 rings, (constrict 8),
magic resistance 1, wild magic 1
a: End Transformation, Minor Destruction, Renounce Religion


You were on level 9 of the Dungeon.
You worshipped Makhleb.
Makhleb was pleased with you.
You were hungry.
You were a venomous arachnid creature.
You visited 1 branch of the dungeon, and saw 9 of its levels.
You also visited: Sewer.

You collected 511 gold pieces.
You spent 227 gold pieces at shops.

Inventory:

Missiles
 a - 95 arrows
Jewellery
 d - a ring of see invisible (left front leg)
 h - a cursed +2 ring of dexterity (right front leg)
 l - a ring of magical power (on tentacle)
 m - a ring of stealth (on tentacle)
Wands
 k - a wand of digging (18)
 n - a wand of random effects (49)
 p - a wand of clouds (5)
 r - a wand of enslavement (14)
 s - a wand of flame (18)
Scrolls
 e - a scroll of teleportation
 g - 2 scrolls of remove curse
 y - a scroll of enchant armour
 C - a scroll of vulnerability {unknown}
 D - a scroll of torment {unknown}
 E - a scroll of identify
 F - a scroll of random uselessness {unknown}
Potions
 f - 7 potions of curing
 i - a potion of mutation
 j - a potion of flight {unknown}
 o - 2 potions of might {unknown}
 q - a potion of haste
 t - a potion of lignification
 u - 2 potions of cancellation
 v - 4 potions of brilliance
 w - 4 potions of ambrosia {unknown}
 x - 2 potions of agility {unknown}
 z - a potion of invisibility {unknown}
 A - a potion of heal wounds
 B - 3 potions of degeneration {unknown}
Books
 b - a book of Changes

   Spells                             Type                      Level
   a - Beastly Appendage              Transmutation                1
   b - Sticks to Snakes               Transmutation                2
   c - Spider Form                    Transmutation/Poison         3
   d - Ice Form                       Ice/Transmutation            4
   e - Blade Hands                    Transmutation                5
Comestibles
 c - 14 rations


   Skills:
 + Level 5.8 Fighting
 + Level 6.0 Dodging
 * Level 8.8 Unarmed Combat
 + Level 5.6 Spellcasting
 + Level 6.1 Transmutations
 + Level 4.9 Invocations


You had 14 spell levels left.
You knew the following spells:

 Your Spells              Type           Power        Failure   Level  Hunger
a - Beastly Appendage     Tmut           ####..       9%          1    None
b - Sticks to Snakes      Tmut           ####....     12%         2    #......
c - Spider Form           Tmut/Pois      ###.......   36%         3    ##.....


Dungeon Overview and Level Annotations

Branches:
Dungeon (9/15)             Temple (0/1) D:6            Lair (0/6) D:9
    Orc: D:9-12

Altars:
Ashenzari
Elyvilon
Gozag
Nemelex Xobeh
Xom
Zin
The Shining One

Shops:
D:6 =   D:9 **


Innate Abilities, Weirdness & Mutations

You cannot wear most types of armour.
You are very stealthy in the water. (Stealth+)
((You are amphibious.))
You can wear up to eight rings at the same time.
((You can use your tentacles to constrict eight enemies at once.))
((Your skin changes colour to match your surroundings (Stealth+).))
((Your rubbery body absorbs attacks. (AC +1, EV +1)))
You are resistant to hostile enchantments. (MR+)
Your spells are a little harder to cast, but a little more powerful.


Message History

You hit the troll.
The troll is poisoned.
The troll is heavily wounded.
The troll bites you! The troll misses you. x2
You are feeling hungry.
You hit the troll.
The troll looks as sick as possible!
The troll is heavily wounded.
The troll closely misses you. The troll misses you. x2
You hit the troll.
The troll looks as sick as possible!
The troll is severely wounded.
The troll bites you! The troll claws you! The troll barely misses you.
You completely miss the troll.
The troll is heavily wounded.
Press: ? - help, Shift-Dir - straight line, f/p - troll
Aim: a troll (severely wounded, poisoned)
The zap hits the troll.
The troll is severely wounded.
The troll bites you!
* * * LOW HITPOINT WARNING * * *
The troll barely misses you. The troll claws you!
You die...

########...## *,,,,,,* ###.#
******** ###'## ####...(#
#..'....# *## #####.##....# *..
..##..##....# ********#.
.....###....############,*,,,,,#.
..#### #....'...sT......,*,,≈,,#.
..# #....############,+,≈⌠≈,#.
### #)...# ***,,≈,,#. ######
*,,,,,#. ******##


You could see a troll.

Vanquished Creatures
  Pikel (D:6)
  5 yaks (D:9)
  A steam dragon (D:9)
  An orc warrior (D:6)
  2 ice beasts
  4 phantoms
  A sky beast (D:9)
  2 slaves (D:6)
  2 ogres
  A centaur (D:9)
  2 crocodiles
  3 bullfrogs
  4 big kobolds
  3 scorpions
  3 howler monkeys (D:8)
  A crimson imp (D:8)
  A centaur zombie (D:8)
  Crazy Yiuf (D:2)
  A bullfrog skeleton (D:7)
  5 hounds
  5 orc priests
  2 centaur skeletons
  5 iguanas
  5 orc wizards
  8 worker ants
  2 big kobold zombies (Sewer)
  A hound skeleton (D:5)
  4 gnolls (D:3)
  7 adders
  6 shadow imps
  3 ufetubi (Sewer)
  An ooze (D:1)
  2 worms (D:4)
  7 dart slugs
  8 leopard geckos
  29 orcs
  12 giant cockroaches
  5 goblins
  10 hobgoblins
  5 jackals
  28 kobolds
  2 quokkas
  3 ball pythons
  13 bats
  4 frilled lizards
  2 kobold zombies (Sewer)
  6 rats
229 creatures vanquished.

Vanquished Creatures (collateral kills)
  A hungry ghost (D:7)
  An orc priest (D:5)
  An orc wizard (D:5)
  3 worker ants
  A shadow imp (D:7)
  4 orcs (D:5)
11 creatures vanquished.

Vanquished Creatures (others)
  A slave (D:6)
  An ogre (D:6)
  A crimson imp (D:6)
  An adder (D:6)
  An orc (D:6)
5 creatures vanquished.

Grand Total: 245 creatures vanquished

Notes
Turn   | Place    | Note
-------+----------+-------------------------------------------
     0 | D:1      | kae the Octopode Transmuter began the quest for the Orb.
     0 | D:1      | Reached XP level 1. HP: 13/13 MP: 3/3
   319 | D:1      | Reached XP level 2. HP: 13/18 MP: 3/5
   749 | D:1      | Reached XP level 3. HP: 19/23 MP: 4/6
  1313 | D:2      | Reached XP level 4. HP: 24/29 MP: 5/7
  1465 | D:2      | Found a shattered altar of Ashenzari.
  1615 | D:2      | Found a runed door.
  1738 | D:2      | Learned a level 2 spell: Sticks to Snakes
  1742 | D:2      | Learned a level 3 spell: Spider Form
  1805 | D:2      | Noticed Crazy Yiuf
  1813 | D:2      | Killed Crazy Yiuf
  2343 | D:3      | Reached skill level 4 in Unarmed Combat
  2368 | D:3      | Reached XP level 5. HP: 34/34 MP: 6/8
  3430 | D:4      | Reached XP level 6. HP: 20/41 MP: 6/10
  3456 | D:4      | HP: 2/41 [poisoned by a scorpion]
  3464 | D:4      | HP: 1/41 [poisoned by a scorpion]
  3807 | D:4      | Found a shimmering altar of Xom.
  4462 | D:5      | Entered Level 5 of the Dungeon
  4572 | D:5      | Gained mutation: You are resistant to hostile enchantments. (MR+) [potion of mutation]
  4572 | D:5      | Gained mutation: Your spells are a little harder to cast, but a little more powerful. [potion of mutation]
  4578 | D:5      | Reached skill level 5 in Unarmed Combat
  4578 | D:5      | Reached XP level 7. HP: 41/45 MP: 8/11
  4904 | D:5      | Found a glowing drain.
  4908 | Sewer    | Entered a sewer
  5396 | Sewer    | Found a burning altar of Makhleb.
  5412 | Sewer    | Became a worshipper of Makhleb the Destroyer
  5427 | Sewer    | Reached XP level 8. HP: 27/53 MP: 13/13
  5606 | Sewer    | Noticed Grinder
  6468 | D:5      | Reached skill level 6 in Unarmed Combat
  6493 | D:5      | Found an opulent altar of Gozag.
  6493 | D:5      | Found a white marble altar of Elyvilon.
  6493 | D:5      | Found a glowing golden altar of the Shining One.
  6493 | D:5      | Found a glowing silver altar of Zin.
  6576 | D:5      | Reached skill level 1 in Invocations
  6992 | D:6      | Noticed Pikel
  7579 | D:6      | Reached * piety under Makhleb
  7795 | D:6      | Killed Pikel
  7800 | D:6      | Reached XP level 9. HP: 27/59 MP: 15/15
  7988 | D:6      | Reached skill level 7 in Unarmed Combat
  8113 | D:6      | Reached skill level 5 in Transmutations
  8294 | D:6      | Reached skill level 5 in Dodging
  8550 | D:6      | Found Omitosiff's Jewellery Emporium.
  9115 | D:6      | Found a staircase to the Ecumenical Temple.
  9353 | D:7      | Reached ** piety under Makhleb
  9583 | D:7      | Found a sparkling altar of Nemelex Xobeh.
  9754 | D:8      | Reached skill level 5 in Fighting
  9761 | D:8      | HP: 1/61 [howler monkey (8)]
  9764 | D:8      | Reached skill level 5 in Spellcasting
 10101 | D:8      | Reached skill level 8 in Unarmed Combat
 10573 | D:9      | Reached XP level 10. HP: 63/66 MP: 13/17
 10617 | D:9      | Found Ykenuk's Antique Armour Emporium.
 11013 | D:9      | Found Xaun's Assorted Antiques.
 11147 | D:9      | Bought a wooden ring for 125 gold pieces
 11278 | D:9      | Found a staircase to the Lair.
 11293 | D:9      | Found Byraagil's Assorted Antiques.
 11296 | D:9      | Bought 2 lumpy inky potions for 39 gold pieces
 11296 | D:9      | Bought a scroll labeled YFAESHR TENI for 22 gold pieces
 11296 | D:9      | Bought a scroll labeled ICYREREBUSH for 22 gold pieces
 11296 | D:9      | Bought a lumpy black potion for 19 gold pieces
 11843 | D:9      | Mangled by a troll

Skill      XL: |  1  2  3  4  5  6  7  8  9 10 |
---------------+-------------------------------+-----
Unarmed Combat | 4 5 6 8 |  8.8
Fighting       | 2 3 4 5 |  5.8
Transmutations | 3 4 5 6 |  6.1
Dodging        | 3 4 5 6 |  6.0
Spellcasting   | 3 4 5 |  5.6
Invocations    | 2 4 |  4.9

Action                   |  1- 3 |  4- 6 |  7- 9 | 10-12 || total
-------------------------+-------+-------+-------+-------++-------
Melee: Unarmed           |    71 |   175 |   449 |    86 ||   781
       Kick              |    12 |     9 |     1 |       ||    22
       Constrict         |    23 |    35 |    46 |     3 ||   107
       Punch             |     1 |     2 |    10 |     4 ||    17
       Tentacles         |     7 |    22 |    51 |     7 ||    87
 Cast: Beastly Appendage |    11 |     8 |     4 |       ||    23
       Spider Form       |       |    11 |    21 |    11 ||    43
       Sticks to Snakes  |       |       |    16 |     2 ||    18
Invok: Minor Destruction |       |       |       |     5 ||     5
Evoke: Wand              |       |       |     1 |       ||     1
  Use: Scroll            |       |     6 |     7 |       ||    13
       Potion            |       |     2 |     2 |       ||     4
 Stab: Sleeping          |     5 |     9 |    12 |     3 ||    29
       Distracted        |       |       |     3 |       ||     3
  Eat: Chunk             |     1 |    13 |    13 |     5 ||    32
       Ration            |       |       |     3 |       ||     3
Armor: Skin              |    11 |    17 |    20 |       ||    48
Dodge: Dodged            |    73 |   132 |   386 |    73 ||   664
